 Dungeon Crawl Stone Soup version 0.20-a0-1020-g7b9e4fe (webtiles) character file.

67 Monsterracer the Slasher (level 4, -4/35 HPs)
             Began as a Formicid Abyssal Knight on Apr 18, 2017.
             Was a Believer of Lugonu.
             Slain by a killer bee (6 damage)
             ... on level 7 of the Dungeon.
             The game lasted 00:05:40 (1954 turns).

Monsterracer the Slasher (Formicid Abyssal Knight)  Turns: 1954, Time: 00:05:41

Health: -4/35      AC:  4    Str: 17    XL:     4   Next: 38%
Magic:  5/5        EV: 12    Int: 11    God:    Lugonu [**....]
Gold:   139        SH:  0    Dex: 11    Spells: 3/3 levels left

rFire    . . .     SeeInvis +   a - +1 falchion
rCold    . . .     Gourm    .   (no shield)
rNeg     . . .     Faith    .   b - +0 leather armour
rPois    .         Spirit   .   (helmet unavailable)
rElec    .         Reflect  .   (no cloak)
rCorr    .         Harm     .   (no gloves)
MR       .....                  g - +0 pair of boots
Stlth    +.........             (no amulet)
Regen    0.2/turn               (no ring)
MPRegen  0.1/turn               (no ring)

@: lethally poisoned (-4 -> -6)
A: permanent stasis, dig shafts and tunnels, four strong arms, antennae 3
a: Dig, Shaft Self, Depart the Abyss, Bend Space, Renounce Religion


You were on level 7 of the Dungeon.
You worshipped Lugonu.
Lugonu was pleased with you.
You were near starving.

You visited 1 branch of the dungeon, and saw 6 of its levels.
You visited the Abyss 1 time.

You collected 139 gold pieces.

Inventory:

Hand Weapons
 a - a +1 falchion (weapon)
Armour
 b - a +0 leather armour (worn)
 g - a +0 pair of boots (worn)
Jewellery
 e - an uncursed ring of ice
Scrolls
 d - 3 scrolls of identify
 f - a scroll of fog {unknown}
 j - a scroll of remove curse {unknown}
Comestibles
 c - 3 bread rations
 h - a meat ration


   Skills:
 - Level 3.2 Fighting
 * Level 3.6 Long Blades
 - Level 2.1 Armour
 - Level 2.1 Dodging
 + Level 2.1 Invocations


You had 3 spell levels left.
You didn't know any spells.

Dungeon Overview and Level Annotations

Branches:
Dungeon (5/15)
 Temple: D:4-7

Altars:
Hepliaklqana
Zin

Annotations:
D:2 Natasha
D:4 claquette's ghost, amateur TrMo


Innate Abilities, Weirdness & Mutations

You cannot be hasted, slowed, berserked, paralysed or teleported.
You can dig through walls and to a lower floor.
Your four strong arms can wield two-handed weapons with a shield.
You have a pair of large antennae on your head. (SInv)


Message History

You are near starving!
The howler monkey hoots and howls with incredible vigour!
You begin to dig a shaft.
You continue digging a shaft.
You feel sick. A shaft appears beneath you!
You fall through a shaft for 3 floors!
The shaft crumbles and collapses.
A worker ant, a killer bee, a skeleton and a howler monkey come into view.
The killer bee buzzes angrily.
The worker ant twitches its antennae in your direction.
Found a scroll labeled KEAJ NECRIEFU, a quarterstaff and a ring mail.
Found a glowing silver altar of Zin.
You feel sick.
You open the door. The killer bee stings you.
* * * LOW HITPOINT WARNING * * *
* * * LOW HITPOINT WARNING * * *
You feel sick. The killer bee barely misses you.
You riposte.
You miss the killer bee. The killer bee closely misses you.
The killer bee closely misses you. The killer bee stings you.
You die...

###.....#.....#
........#.....#
....._........#
..a......h...?#
........#....)#
#+###+###.a...#
## ........Z..#
..#
.........y.#...#
..........@'...#
...........#...#
...........# ..#
...........# .#
####+###+### # {


You could see a howler monkey, a worker ant, a killer bee and an adder skeleton.

Vanquished Creatures
  A hound skeleton (D:5)
  An adder (D:2)
  4 dart slugs (D:1)
  6 bats (D:1)
  3 giant cockroaches
  3 goblins
  5 hobgoblins (D:1)
  3 jackals (D:1)
  5 kobolds (D:1)
  A ball python (D:2)
  2 frilled lizards
  A rat (D:1)
35 creatures vanquished.

Notes
Turn   | Place    | Note
-------+----------+-------------------------------------------
     0 | Abyss:1  | Monsterracer the Formicid Abyssal Knight began the quest for the Orb.
     0 | Abyss:1  | Reached XP level 1. HP: 18/18 MP: 2/2
    29 | D:1      | Escaped the Abyss
    41 | D:1      | Reached skill level 1 in Dodging
   124 | D:1      | Reached XP level 2. HP: 20/24 MP: 3/3
   378 | D:1      | Reached XP level 3. HP: 26/29 MP: 4/4
   383 | D:1      | Reached ** piety under Lugonu
   955 | D:2      | Reached XP level 4. HP: 30/35 MP: 5/5
  1068 | D:2      | Found a hazy altar of Hepliaklqana.
  1088 | D:2      | Noticed Natasha
  1098 | D:2      | You fall through a shaft!
  1445 | D:2      | You fall through a shaft for 2 floors!
  1463 | D:4      | Noticed claquette's ghost (amateur TrMo)
  1470 | D:5      | Entered Level 5 of the Dungeon
  1945 | D:4      | You fall through a shaft for 3 floors!
  1945 | D:7      | Found a glowing silver altar of Zin.
  1954 | D:7      | Slain by a killer bee

Vault maps used:
D:1:      noname_arrival_rooms_in_the_neighbourhood
D:2:      old_standard_altar, first_bread, tgw_xom, uniq_natasha
D:3:      minmay_misc_feat_encased
D:4:      good_gods_mini_temple, hangedman_decor_peaks_small
D:5:      temple_doors_e, enter_ossuary_4, guppyfry_early_lair_pool,
          uniq_menkaure
D:7:      basic_altar

Skill      XL: |  1  2  3  4 |
---------------+-------------+-----
Dodging        | 1 2 |  2.1
Long Blades    | 3 |  3.6
Fighting       | |  3.2
Armour         | |  2.1
Invocations    | |  2.1

Action                   |  1- 3 |  4- 6 || total
-------------------------+-------+-------++-------
Melee: Falchion          |    72 |    61 ||   133
Invok: Bend Space        |       |     1 ||     1
 Abil: Shaft Self        |       |     3 ||     3
  Use: Potion            |     5 |     1 ||     6
       Scroll            |       |     1 ||     1
  Eat: Royal jelly       |       |     1 ||     1
       Chunk             |       |     1 ||     1
Armor: Leather armour    |    36 |    13 ||    49
Dodge: Dodged            |    57 |    50 ||   107
       Rpst.: Falchion   |    15 |    16 ||    31
